 Dungeon Crawl Stone Soup version 0.17-a0-2109-g117576f (webtiles) character file.

137 septik the Conjurer (level 5, -3/28 HPs)
             Began as a Deep Elf Conjurer on Oct 19, 2015.
             Killed from afar by an orc wizard (6 damage)
             ... with a magic dart
             ... on level 3 of the Dungeon.
             The game lasted 00:13:04 (2635 turns).

septik the Conjurer (Deep Elf Conjurer)             Turns: 2635, Time: 00:13:04

Health: -3/28      AC:  5    Str:  6    XL:     5   Next: 0%
Magic:  10/11      EV: 13    Int: 20    God:
Gold:   113        SH:  0    Dex: 15    Spells: 2 memorised, 4 levels left

rFire  . . .     SeeInvis .     z - +1 rapier
rCold  . . .     Clarity  .     a - +0 robe
rNeg   . . .     SustAt   .     (no shield)
rPois  .         Gourm    .     (no helmet)
rElec  .         Spirit   .     y - +1 cloak
rCorr  .         Warding  .     A - +0 pair of gloves
rMut   .         Stasis   .     (no boots)
MR     .....                    (no amulet)
Stlth  ++........               (no ring)
                                (no ring)

@: not resistant to hostile enchantments, unstealthy
A: no striking features
a: no special abilities


You were on level 3 of the Dungeon.
You were not hungry.

You visited 1 branch of the dungeon, and saw 3 of its levels.

You collected 113 gold pieces.

Inventory:

Hand Weapons
 d - a +0 dagger
 n - a +0 dagger of venom
 z - a +1 rapier (weapon)
Armour
 a - a +0 robe (worn)
 f - a +0 pair of gloves
 y - a +1 cloak (worn)
 A - a +0 pair of gloves (worn)
Wands
 B - a wand of slowing (20)
Scrolls
 e - 2 scrolls of fog
 j - a scroll of enchant weapon
 s - 2 scrolls of identify
 w - 2 scrolls of fear {unknown}
Potions
 l - a potion of brilliance {unknown}
 m - a potion of heal wounds {unknown}
 o - a potion of ambrosia {unknown}
 p - 3 potions of curing
 q - a potion of haste {unknown}
 t - a potion of degeneration {unknown}
 v - a potion of poison {unknown}
Books
 b - a book of Conjurations

   Spells                             Type                      Level
   a - Magic Dart                     Conjuration                  1
   b - Searing Ray                    Conjuration                  2
   c - Dazzling Spray                 Conjuration/Hexes            3
   d - Fulminant Prism                Conjuration/Hexes            4
   e - Iskenderun's Mystic Blast      Conjuration                  4
   f - Iskenderun's Battlesphere      Conjuration/Charms           5
Comestibles
 c - a bread ration
 g - 2 beef jerkies
 i - 4 meat rations
 k - a slice of pizza


   Skills:
 - Level 2.4 Dodging
 - Level 2.4 Stealth
 - Level 3.0 Spellcasting
 + Level 6.9 Conjurations
 + Level 0.0 Charms


You had 4 spell levels left.
You knew the following spells:

 Your Spells              Type           Power        Failure   Level  Hunger
a - Magic Dart            Conj           ####         1%          1    None
b - Iskenderun's Battles  Conj/Chrm      ###.....     89%         5    ######.


Dungeon Overview and Level Annotations

Branches:
Dungeon (3/15)

Altars:
Cheibriados
Gozag
Makhleb


Message History

You hear some strange, mumbled words.
A puff of flame appears from out of thin air!
The puff of flame hits you!
You bump into the rock wall.
Something hits you but does no damage.
You bump into the rock wall.
Something hits you but does no damage.
You closely miss something. Something hits you.
You bump into the rock wall.
Something hits you but does no damage.
You bump into the rock wall.
You feel less confused.
You hear some strange, mumbled words.
A puff of flame appears from out of thin air!
The puff of flame hits you!
* * * LOW HITPOINT WARNING * * *
You miss something. Something hits you but does no damage.
Read which item? (? for menu, Esc to quit)
As you read the scroll of fog, it crumbles to dust.
The scroll dissolves into smoke.
Something barely misses you.
A magic dart appears from out of thin air!
The magic dart hits you!
You die...

####.....# #.............#
#.# .,*#.....####
#.............# #.#
,,,#..{!..{.#
#################.#
,,,#.....##)#
########.......#
,J.......##.#
#......#.#######
,..#.....##.# #.####.#.#
,.,#$....##.# #.# #.#.#
,,*#.######.######§####.#.#
***#.* #..§{§@§§.....#.#
,,,.,* ########§#.##.#.#
****** #.#.##.#.#
#.#....#.# #[######.#
#........# ##########


There were no monsters in sight!

Vanquished Creatures
  4 adders
  2 gnolls
  An ooze (D:1)
  A worm (D:2)
  A giant gecko (D:2)
  4 orcs
  3 ball pythons
  6 bats
  3 giant cockroaches
  8 hobgoblins
  4 jackals (D:1)
  3 giant newts
  9 goblins
  9 kobolds
  A quokka (D:2)
  12 rats
71 creatures vanquished.

Notes
Turn   | Place    | Note
--------------------------------------------------------------
     0 | D:1      | septik the Deep Elf Conjurer began the quest for the Orb.
     0 | D:1      | Reached XP level 1. HP: 10/10 MP: 6/6
   105 | D:1      | Reached skill level 5 in Conjurations
   105 | D:1      | Reached XP level 2. HP: 15/15 MP: 4/8
   721 | D:1      | Reached XP level 3. HP: 19/19 MP: 7/9
  1031 | D:2      | Reached skill level 6 in Conjurations
  1193 | D:2      | Reached XP level 4. HP: 24/24 MP: 5/10
  1952 | D:3      | Found a snail-covered altar of Cheibriados.
  2328 | D:3      | Found an opulent altar of Gozag.
  2373 | D:3      | Found a burning altar of Makhleb.
  2598 | D:3      | Reached XP level 5. HP: 28/28 MP: 8/11
  2605 | D:3      | Learned a level 5 spell: Iskenderun's Battlesphere
  2635 | D:3      | Killed from afar by an orc wizard

Vault maps used:
D:1:      minmay_arrival_jagged, st_stairs_11, dk_noncrumbling_3,
          kennysheep_small_spiral
D:3:      lemuel_crystal_altar, lemuel_doored_altar, old_standard_altar,
          cheibriados_altar_wand_db

Action                   |  1- 3 |  4- 6 || total
-------------------------+-------+-------++-------
Melee: Dagger            |     4 |       ||     4
       Rapier            |       |     4 ||     4
 Cast: Magic Dart        |    70 |    80 ||   150
  Use: Scroll            |       |     7 ||     7
  Eat: Chunk             |     1 |     4 ||     5
